 Dungeon Crawl Stone Soup version 0.27-a0-79-gcaaa221d37 (webtiles) character file.

Game seed: 1791047842352072014

57 Borgoz the Cudgeller (level 4, -8/28 HPs)
             Began as a Gargoyle Gladiator on Jan 14, 2021.
             Killed by divine providence
             ... invoked by an orc priest
              (17 damage)
             ... on level 2 of the Dungeon.
             The game lasted 00:02:53 (1174 turns).

Borgoz the Cudgeller (Gargoyle Gladiator)           Turns: 1174, Time: 00:02:54

Health: -8/28      AC: 10    Str: 18    XL:     4   Next: 0%
Magic:  4/4        EV: 12    Int:  8    God:
Gold:   80         SH:  0    Dex: 12    Spells: 3/3 levels left

rFire    + . .     SeeInvis .   a - +0 flail
rCold    . . .     Faith    .   (no shield)
rNeg     + . .     Spirit   .   i - +0 ring mail {rF+}
rPois    ∞         Reflect  .   c - +0 helmet
rElec    +         Harm     .   h - scarf {repulsion}
rCorr    .         Rampage  .   (no gloves)
Will     .....                  (no boots)
Stlth    +.........             (no amulet)
HPRegen  0.09/turn              (no ring)
MPRegen  0.09/turn              (no ring)

@: repel missiles
A: negative energy resistance 1, electricity resistance, unbreathing,
petrification resistance, miasma immunity, AC +3
a: no special abilities


You were on level 2 of the Dungeon.
You visited 1 branch of the dungeon, and saw 2 of its levels.

You collected 80 gold pieces.

Inventory:

Hand Weapons
 a - a +0 flail (weapon)
Missiles
 d - 3 throwing nets (quivered)
Armour
 c - a +0 helmet (worn)
 h - a scarf of repulsion (worn)
 i - a +0 ring mail of fire resistance (worn)
Scrolls
 b - a scroll of teleportation {unknown}
 e - 3 scrolls of immolation {unknown}
 f - 2 scrolls of identify {unknown}
Potions
 g - a potion of curing {unknown}
 j - a potion of haste {unknown}


   Skills:
 + Level 3.0 Fighting
 + Level 3.5 Maces & Flails
 - Level 1.7 Throwing
 + Level 1.5 Armour
 + Level 2.9 Dodging


You had 3 spell levels left.
You didn't know any spells.
Your spell library was empty.

Dungeon Overview and Level Annotations

Branches:
Dungeon (2/15)

Altars:


Innate Abilities, Weirdness & Mutations

You are resistant to torment.
Your stone body is resilient. (AC +3)
You are immune to poison.
You resist negative energy. (rN+)
You are resistant to electric shocks. (rElec)
You can survive without breathing.
You are immune to petrification.
You are immune to miasma.


Message History

The orc misses you. Something hits you but does no damage.
The orc priest barely misses you.
You hit the orc priest.
The orc priest is almost dead.
The orc barely misses you. Something hits you but does no damage.
The orc priest closely misses you. The orc misses you.
You closely miss the orc priest.
The orc priest is almost dead.
Something hits you but does no damage.
The orc priest hits you but does no damage.
The orc hits you with a +0 club.
You barely miss the orc priest.
The orc priest is almost dead.
You hear some strange, mumbled words.
A puff of flame appears from out of thin air!
The puff of flame hits you. You resist.
The orc priest invokes the aid of Beogh against you.
Beogh smites you!
Ouch! That really hurt!
You die...

#...... #.....
.#..> . ...# ## ...
..# ..#
#..####.##..##
#......!.....#
##...@o#
##..##{o..#
#(.###r...# #.##
##.....# #.#
..#...>
######.######.....[
#...[...........#).
#...........##..##.
#..).......#...


You could see an orc priest, an orc and a quokka.

Vanquished Creatures
  A worm (D:2)
  3 dart slugs (D:1)
  2 leopard geckos (D:1)
  3 giant cockroaches (D:1)
  8 goblins
  6 hobgoblins (D:1)
  4 jackals (D:1)
  4 bats
  A frilled lizard (D:2)
  6 kobolds
  A rat (D:1)
39 creatures vanquished.

Notes
Turn   | Place    | Note
-------+----------+-------------------------------------------
     0 | D:1      | Borgoz the Gargoyle Gladiator began the quest for the Orb.
     0 | D:1      | Reached XP level 1. HP: 12/12 MP: 1/1
   108 | D:1      | Reached XP level 2. HP: 14/18 MP: 2/2
   250 | D:1      | Reached skill level 1 in Armour
   386 | D:1      | Reached XP level 3. HP: 22/22 MP: 3/3
  1096 | D:2      | Reached XP level 4. HP: 22/28 MP: 4/4
  1174 | D:2      | Killed from afar by an orc priest

Illustrated notes

Levels and vault maps discovered:
D:1:      beargit_arrival_greenhouse, layout_loops_ring
D:2:      layout_rooms, chequers_ecumenical_altar_simple

Skill      XL: |  1  2  3 |
---------------+----------+-----
Armour         | 1 |  1.5
Fighting       | 3 |  3.0
Maces & Flails | |  3.5
Throwing       | |  1.7
Dodging        | |  2.9

Action                   |  1- 3 |  4- 6 || total
-------------------------+-------+-------++-------
Melee: Flail             |   150 |     6 ||   156
Armor: Leather armour    |    49 |       ||    49
       Ring mail         |    30 |     7 ||    37
Dodge: Dodged            |   116 |     6 ||   122
       Repelled          |     1 |       ||     1

Table legend: (Time is in decaauts)
 A = Elapsed time spent in this place.
 B = Non-inter-level travel time spent in this place.
 C = Inter-level travel time spent in this place.
 D = Time resting spent in this place.
 E = Time spent auto-exploring this place.
 F = Levels seen in this place.
 G = Mean time per level.
                   A        B        C        D        E       F      G
               +--------+--------+--------+--------+--------+-----+--------+
         Total |   1210 |   1181 |     29 |    134 |    725 |   2 |  605.0 |
       Dungeon |   1210 |   1181 |     29 |    134 |    725 |   2 |  605.0 |
               +--------+--------+--------+--------+--------+-----+--------+

Top non-repeatable levels by time:
     D:1: 1104 daAuts
     D:2: 106 daAuts
